 Dungeon Crawl Stone Soup version 0.31-a0-662-g684573625c (webtiles) character file.

Game seed: 5246153599088320713

1501 Dirtsage the Mimic (level 8, -2/48 HPs)
             Began as an Octopode Shapeshifter on Aug 31, 2023.
             Was an Initiate of the Shining One.
             Killed from afar by a steam dragon (12 damage)
             ... with a ball of steam
             ... on level 7 of the Dungeon on Sept 1, 2023.
             The game lasted 00:13:32 (6095 turns).

Dirtsage the Mimic (Octopode Shapeshifter)          Turns: 6095, Time: 00:13:33

Health: -2/48      AC:  1    Str: 15    XL:     8   Next: 81%
Magic:  18/18      EV: 13    Int: 12    God:    the Shining One [......]
Gold:   414        SH:  0    Dex: 12    Spells: 7/7 levels left

rFire   . .          .
                       - Unarmed
rCold   . . .        (shield currently unavailable)
rNeg    . . .        (helmet restricted)
rPois   .            (no amulet)
rElec   .            S - ring of see invisible
rCorr   .            l - ring of magical power
SInv    +            (no ring)
Will    .....        (no ring)
Stlth   +            (no ring)
HPRegen 0.28/turn    (no ring)
MPRegen 0.16/turn    (no ring)
                     (no ring)

%: no passive effects
@: flux-form, glowing
A: glow, contaminating, almost no armour, amphibious, 8 rings, camouflage 1,
gelatinous body 1, (nimble swimmer 1), tentacles
a: Begin Untransformation, Renounce Religion


You were on level 7 of the Dungeon.
You worshipped the Shining One.
The Shining One was noncommittal.
You were something dangerously unstable.
You visited 2 branches of the dungeon, and saw 8 of its levels.

You collected 414 gold pieces.

Inventory:

Missiles
 o - 2 throwing nets
 B - a curare-tipped dart
Magical Staves
 e - a staff of cold
Jewellery
 l - a ring of magical power (right tentacle)
 S - a ring of see invisible (left tentacle)
Talismans
 b - a beast talisman
 c - a flux talisman (active)
 z - a blade talisman
Wands
 y - a wand of charming (6)
Scrolls
 h - 2 scrolls of immolation
 i - a scroll of identify
 j - a scroll of revelation {unknown}
 k - a scroll of poison
 p - a scroll of acquirement
 r - a scroll of amnesia {unknown}
 t - 3 scrolls of teleportation
 v - a scroll of blinking {unknown}
 w - a scroll of enchant weapon {unknown}
 A - 2 scrolls of vulnerability {unknown}
Potions
 a - a potion of lignification
 d - 2 potions of berserk rage {unknown}
 f - 2 potions of enlightenment
 g - 3 potions of degeneration {unknown}
 m - 3 potions of brilliance {unknown}
 n - a potion of might {unknown}
 q - a potion of curing
 s - a potion of ambrosia {unknown}
 u - a potion of resistance {unknown}
 x - 3 potions of haste {unknown}


   Skills:
 - Level 1.0 Fighting
 - Level 2.0 Dodging
 + Level 6.8 Unarmed Combat
 + Level 1.8 Invocations
 * Level 8.4 Shapeshifting


You had 7 spell levels left.
You didn't know any spells.
Your spell library contained the following spells:

 Spells                   Type           Power      Damage    Failure   Level
 Magic Dart               Conj           0%         1d3       32%         1
 Summon Small Mammal      Summ           0%         N/A       32%         1
 Searing Ray              Conj           0%         2d4       45%         2
 Call Canine Familiar     Summ           0%         N/A       69%         3
 Inner Flame              Hex/Fire       0%         N/A       69%         3
 Summon Guardian Golem    Hex/Summ       0%         N/A       69%         3
 Flame Wave               Conj/Fire      0%         2d4       97%         4
 Fulminant Prism          Conj/Hex       0%         3d5       97%         4
 Sticky Flame             Conj/Fire      0%         2d3       97%         4
 Iskenderun's Battlesphe  Conj           0%         2d6       100%        5
 Leda's Unmaking          Conj/Erth      0%         9d1       100%        6
 Spellforged Servitor     Conj/Summ      0%         N/A       100%        7


Dungeon Overview and Level Annotations

Branches:
Dungeon (7/15)             Temple (1/1) D:5

Altars:
Ashenzari
Cheibriados
Dithmenos
Elyvilon
Fedhas
Gozag
Hepliaklqana
Kikubaaqudgha
Makhleb
Qazlal
Ru
Trog
Uskayaw
Vehumet
Wu Jian
Xom
Yredelemnul
The Shining One

Shops:
D:5 (

Annotations:
D:5 1 runed translucent door, Crazy Yiuf


Innate Abilities, Weirdness & Mutations

You are something dangerously unstable.
You glow with magical radiation, making you easy to see and hit.
Foes you strike become dangerously contaminated with magical radiation.
You are incapable of wielding weapons or throwing items.
You cannot wear most types of armour.
You are amphibious.
You can wear up to eight rings at the same time.
Your skin changes colour to match your surroundings (Stealth+).
Your rubbery body absorbs attacks. (AC +1, EV +1)
((You are camouflaged when in or above water. (Stealth+)))
You have tentacles for arms and can constrict up to eight enemies at once.


Message History

You can't do that in your present form.
Okay, then.
You tentacle-slap Prince Ribbit.
Prince Ribbit begins to glow.
Your grab misses Prince Ribbit. Your squeeze misses Prince Ribbit.
Prince Ribbit is lightly wounded.
Prince Ribbit barely misses you.
You barely miss Prince Ribbit. You grab Prince Ribbit.
You squeeze Prince Ribbit.
Prince Ribbit is lightly wounded.
You constrict Prince Ribbit. Prince Ribbit closely misses you.
Prince Ribbit hits you!
You take 16 damage, and have 32/48 hp.
MASSIVE DAMAGE!!
You tentacle-slap Prince Ribbit.
Prince Ribbit glows dangerously bright.
Prince Ribbit is moderately wounded.
You constrict Prince Ribbit. Prince Ribbit hits you!
You take 12 damage, and have 20/48 hp.
MASSIVE DAMAGE!!
You tentacle-slap Prince Ribbit.
Prince Ribbit shudders as magic cascades through him!!
You kill Prince Ribbit!
Prince Ribbit returns to his original shape as he dies.
Your Invocations skill increases to level 1!
Magic restored.
You hear the creaking of a distant portcullis.
You hear the steady creaking of a distant portcullis.
You see here the human corpse of Prince Ribbit.
A steam dragon comes into view.
Health restored: 48; MP restored: 18 The steam dragon breathes steam at you.
The ball of steam hits you!
You take 14 damage, and have 34/48 hp.
MASSIVE DAMAGE!!
The steam dragon breathes steam at you. The ball of steam hits you!!
Ouch! That really hurt!
* * * LOW HITPOINT WARNING * * *
You take 26 damage, and have 8/48 hp.
MASSIVE DAMAGE!!
Okay, then.
You hear the steady creaking of a portcullis nearby.
The steam dragon breathes steam at you. The ball of steam hits you!
You die...

.# #....# ## #....#
#....# #....# #....#
#....# #....#
##§#.#########.###
#####.#....D§§B.....#
#........########.#.#
#...............
#....!..D#######
#.......§# #.......§#
#......§D# #/....?..#
#........#


There were no monsters in sight!

Vanquished Creatures
  Prince Ribbit (D:7)
  Sigmund (D:5)
  Menkaure (D:6)
  A water moccasin (D:5)
  2 ogres
  A kobold brigand (D:7)
  4 scorpions
  A howler monkey (D:5)
  3 crimson imps (D:4)
  2 jellies (D:5)
  An orc priest (D:6)
  3 iguanas
  5 adders
  A worm (D:3)
  A dart slug (D:5)
  5 orcs
  7 bats
  10 endoplasms
  3 giant cockroaches
  8 goblins
  7 hobgoblins
  17 kobolds
  7 quokkas
  5 ball pythons
  4 frilled lizards
  6 rats
107 creatures vanquished.

Notes
Turn   | Place    | Note
-------+----------+-------------------------------------------
     0 | D:1      | Dirtsage the Octopode Shapeshifter began the quest for the
                  | Orb.
     0 | D:1      | Reached XP level 1. HP: 13/13 MP: 1/1
   156 | D:1      | Reached XP level 2. HP: 14/18 MP: 2/2
   380 | D:1      | Reached XP level 3. HP: 15/23 MP: 3/3
   483 | D:1      | Found a faded altar of an unknown god.
  1030 | D:2      | Reached skill level 4 in Shapeshifting
  1054 | D:2      | Identified the +3 falchion "Cong" {freeze, Will+ Dex+3}
  1094 | D:2      | Found an opulent altar of Gozag.
  1272 | D:2      | Reached XP level 4. HP: 28/28 MP: 4/4
  2669 | D:4      | Found a shimmering altar of Xom.
  2692 | D:4      | Reached XP level 5. HP: 32/33 MP: 5/5
  2710 | D:4      | Reached skill level 5 in Shapeshifting
  3404 | D:5      | Entered Level 5 of the Dungeon
  3420 | D:5      | Found a staircase to the Ecumenical Temple.
  3428 | D:5      | Reached XP level 6. HP: 4/38 MP: 6/6
  3444 | Temple   | Entered the Ecumenical Temple
  3452 | Temple   | Became a worshipper of the Shining One
  3543 | D:5      | Noticed Sigmund
  3551 | D:5      | Killed Sigmund
  3552 | D:5      | Reached skill level 5 in Unarmed Combat
  3552 | D:5      | Reached skill level 6 in Shapeshifting
  3552 | D:5      | Reached XP level 7. HP: 37/43 MP: 7/7
  3629 | D:5      | Identified a scroll of acquirement
  3811 | D:5      | Found Bauler's Weapon Shoppe.
  3965 | D:5      | Reached skill level 7 in Shapeshifting
  3972 | D:5      | Reached XP level 8. HP: 28/48 MP: 8/8
  4056 | D:5      | Found a runed translucent door.
  4057 | D:5      | Noticed Crazy Yiuf
  4330 | D:5      | Found a snail-covered altar of Cheibriados.
  4779 | D:6      | Noticed Menkaure
  4785 | D:6      | Killed Menkaure
  4991 | D:6      | Found a broken altar of Ashenzari.
  4991 | D:6      | Found a bloodstained altar of Trog.
  5524 | D:6      | Reached skill level 8 in Shapeshifting
  5970 | D:7      | Noticed Prince Ribbit
  5975 | D:7      | Killed Prince Ribbit
  5976 | D:7      | Reached skill level 1 in Invocations
  6095 | D:7      | Killed from afar by a steam dragon

Illustrated notes

Levels and vault maps discovered:
D:1:      dpeg_arrival_arbitrary_a, layout_loops_ring, basic_ecumenical_altar,
          minmay_tetromino_o4
D:2:      layout_basic, serial_forest, infiniplex_forest_corner_1,
          infiniplex_forest_straight_5, infiniplex_forest_lined_room_2,
          infiniplex_forest_clump_double, infiniplex_forest_clump_diagonal,
          infiniplex_forest_lined_2, infiniplex_forest_side_room, basic_altar
D:3:      layout_loops_ring, minmay_misc_feat_square
D:4:      layout_basic, led_xom_imps, minmay_statues_item,
          kennysheep_generic_room_5
D:5:      layout_basic, mainiacjoe_overflow_alcove_2,
          minmay_temple_entry_overgrown, serial_shops,
          nicolae_shop_advertising_works [nicolae_subvault_shop_adworks],
          uniq_crazy_yiuf_cottage, uniq_sigmund
D:6:      layout_loops_ring, gammafunk_temple_overflow_wave, uniq_menkaure
D:7:      layout_basic, led_sif_pool, zin_statuary, enter_bailey_7, uniq_pikel,
          uniq_prince_ribbit1
Temple:   eino_temple_lava

Skill      XL: |  1  2  3  4  5  6  7  8 |
---------------+-------------------------+-----
Shapeshifting  | 4 5 6 7 8 |  8.4
Unarmed Combat | 4 5 6 |  6.8
Invocations    | 1 |  1.8
Fighting       | |  1.0
Dodging        | |  2.0

Action                     |  1- 3 |  4- 6 |  7- 9 || total
---------------------------+-------+-------+-------++-------
  Melee: Unarmed           |    72 |   152 |    74 ||   298
         Constrict         |    16 |    15 |    14 ||    45
         Tentacles         |    11 |    42 |    23 ||    76
         Punch             |     1 |    11 |     2 ||    14
  Throw: Throwing net      |       |       |     2 ||     2
    Use: Scroll            |       |     3 |     1 ||     4
         Potion            |       |     3 |       ||     3
   Stab: Sleeping          |     9 |     5 |       ||    14
         Distracted        |     1 |       |       ||     1
 Armour: Skin              |    22 |    24 |    33 ||    79
  Dodge: Dodged            |    42 |    27 |    26 ||    95
   Form: Flux              |       |       |     1 ||     1

Table legend: (Time is in decaauts)
 A = Elapsed time spent in this place.
 B = Non-inter-level travel time spent in this place.
 C = Inter-level travel time spent in this place.
 D = Time resting spent in this place.
 E = Time spent auto-exploring this place.
 F = Levels seen in this place.
 G = Mean time per level.
                   A        B        C        D        E       F      G
               +--------+--------+--------+--------+--------+-----+--------+
         Total |   6069 |   5842 |    227 |    191 |   4851 |   8 |  758.6 |
       Dungeon |   5983 |   5763 |    220 |    191 |   4782 |   7 |  854.7 |
        Temple |     85 |     78 |      7 |      0 |     69 |   1 |   85.0 |
               +--------+--------+--------+--------+--------+-----+--------+

Top non-repeatable levels by time:
     D:5: 1256 daAuts
     D:2: 1173 daAuts
     D:6: 985 daAuts
     D:4: 955 daAuts
     D:1: 675 daAuts
     D:3: 582 daAuts
     D:7: 354 daAuts
  Temple: 85 daAuts
